[Event "Team 45 45 League T70"]
[Site "Internet Chess Club"]
[Date "2016.10.09"]
[Round "5"]
[White "MartyJR"]
[Black "Scorpius"]
[Result "1-0"]
[WhiteElo "1442"]
[BlackElo "1322"]
[Opening "Queen's pawn: London system"]
[ECO "A45"]
[Time "12:02:57"]
[TimeControl "2700+45"]

1. d4 Nf6 2. Bf4 d6 3. e3 Nbd7 4. Nf3 Nh5 5. Bg5 h6 6. Bh4 g5 7. Bg3 Nxg3 8.
hxg3 Bg7 9. c3 e5 10. dxe5 Nxe5 11. Nxe5 Bxe5 12. Nd2 Bd7 13. Qb3 c6 14. Nf3 Bg7
15. O-O-O d5 16. Qb4 a5 17. Qd6 f6 18. Bd3 Qe7 19. Bg6+ Kd8 20. Qxe7+ Kxe7 21.
Nd4 Kd6 22. Nf5+ Bxf5 23. Bxf5 Ke5 24. Bc2 b5 25. f4+ Kd6 26. e4 b4 27. exd5 c5
28. c4 a4 29. b3 axb3 30. Bxb3 gxf4 31. gxf4 f5 32. Rh5 Rhf8 33. Re1 Rf6 34. Re2
Raf8 35. Rh3 Rg6 36. Rhe3 Rff6 37. Re8 Kd7 38. Ba4+ Kc7 39. R8e7+ Kb6 40. R7e6+
Rxe6 41. dxe6 {Black resigns} 1-0

[Event "Team 45 45 League T70"]
[Site "Internet Chess Club"]
[Date "2016.10.06"]
[Round "5"]
[White "Mitochondria"]
[Black "GideonL"]
[Result "1-0"]
[WhiteElo "1598"]
[BlackElo "1615"]
[Opening "QGD: 4.Bg5 Be7"]
[ECO "D53"]
[Time "19:11:32"]
[TimeControl "2700+45"]

1. d4 d5 2. c4 e6 3. Nc3 Nf6 4. Bg5 Be7 5. Nf3 dxc4 6. e3 O-O 7. Bxc4 h6 8. Bh4
Nc6 9. O-O Nd5 10. Bxe7 Ncxe7 11. Qb3 Nxc3 12. Qxc3 Nd5 13. Qb3 c6 14. Rfd1 a5
15. Be2 Qb6 16. Qxb6 Nxb6 17. Rac1 Re8 18. Nd2 e5 19. Nc4 Nxc4 20. Bxc4 b5 21.
Be2 Bb7 22. dxe5 Rxe5 23. Rd7 Bc8 24. Rd8+ Kh7 25. Rxc6 Bb7 26. Rxa8 Bxc6 27.
Rxa5 Rd5 28. b3 b4 29. Rxd5 Bxd5 30. Bc4 Be4 31. Bxf7 Bb1 32. Bc4 Bxa2 33. e4
Kg6 34. f3 Kf6 35. Kf2 Ke5 36. Ke3 g5 37. g3 Bb1 38. f4+ Kd6 {Black resigns} 1-0

[Event "Team 45 45 League T70"]
[Site "Internet Chess Club"]
[Date "2016.10.08"]
[Round "5"]
[White "Portola"]
[Black "Skeptic1972"]
[Result "1/2-1/2"]
[WhiteElo "1661"]
[BlackElo "1528"]
[Opening "Queen's bishop game"]
[ECO "D02"]
[Time "09:02:55"]
[TimeControl "2700+45"]

1. d4 d5 2. Nf3 Nf6 3. Bf4 Bf5 4. e3 Nbd7 5. Nbd2 h6 6. h3 c6 7. c3 Qb6 8. Qb3
Qxb3 9. axb3 e6 10. Be2 Be7 11. O-O Ne4 12. b4 O-O 13. Nxe4 Bxe4 14. b5 Bxf3 15.
gxf3 c5 16. Ra2 cxd4 17. exd4 a5 18. bxa6 bxa6 19. Rfa1 g5 20. Bc1 Nf6 21. Rxa6
Rxa6 22. Rxa6 Nh5 23. Bf1 Nf4 24. b4 Rb8 25. Bd2 Kg7 26. Kh2 Kg6 27. b5 Bd8 28.
Ra7 Bb6 29. Ra6 Bc7 30. Bxf4 Bxf4+ 31. Kg2 Bd2 32. c4 dxc4 33. Bxc4 Kf5 34. Ra7
Kf6 35. Ra4 Rb6 36. Ra6 Rb7 37. d5 Re7 38. dxe6 fxe6 39. b6 Rb7 40. Bb5 Bf4 41.
Bc6 Rb8 42. b7 Ke7 43. Ra8 h5 44. Rxb8 Bxb8 45. h4 gxh4 46. Kh3 Kf6 47. Kxh4 Kg6
48. Be4+ Kh6 49. Bd3 e5 50. Bc4 Kg7 51. Kxh5 Kf6 52. Kg4 Bd6 53. Bd5 Bb8 54. Kh5
Kf5 55. Kh6 Kf6 56. Kh7 Bd6 57. Kg8 Kg6 58. Be4+ Kf6 59. Kh7 Kf7 60. Bd5+ Kf6
61. Kg8 Kg6 {Game drawn by mutual agreement} 1/2-1/2

[Event "Team 45 45 League T70"]
[Site "Internet Chess Club"]
[Date "2016.10.09"]
[Round "5"]
[White "Ajolote"]
[Black "idjit"]
[Result "1-0"]
[WhiteElo "1670"]
[BlackElo "1527"]
[Opening "French: exchange variation"]
[ECO "C01"]
[Time "13:00:27"]
[TimeControl "2700+45"]

1. e4 e6 2. d4 d5 3. exd5 exd5 4. Nc3 Nf6 5. Qf3 Bb4 6. Bd3 O-O 7. Ne2 Nc6 8.
Bg5 Bg4 9. Bxf6 Bxf3 10. Bxd8 Bxe2 11. Bxe2 Raxd8 12. O-O-O Rfe8 13. Bb5 Re6 14.
Bxc6 Rxc6 15. Rd3 Bxc3 16. Rxc3 Rxc3 17. bxc3 Re8 18. Kd2 Re6 19. Rb1 b6 20. Kd3
Kf8 21. f3 Ke7 22. a4 Kd6 23. Ra1 c5 24. Rb1 c4+ 25. Kd2 Kc6 26. g4 Re7 27. h4
Rb7 28. Rb5 a6 29. Rb1 Re7 30. Rf1 a5 31. Rb1 Re6 32. h5 f5 33. gxf5 Rf6 34. Rg1
Rxf5 35. Rxg7 Rxh5 36. f4 b5 37. axb5+ Kxb5 38. Rb7+ Kc6 39. Rf7 Rh2+ 40. Kc1 h5
41. Re7 h4 42. f5 h3 43. f6 Rf2 44. Rh7 h2 45. f7 Rxf7 46. Rxh2 Rb7 47. Rh6+ Kd7
48. Rh7+ Kc8 49. Rh8+ Kc7 50. Rh7+ Kb8 51. Rh8+ Ka7 52. Rd8 Rb5 53. Rd7+ Kb6 54.
Rd6+ Kc7 55. Ra6 Kb7 56. Rh6 a4 57. Rh7+ Ka6 58. Rh6+ Ka5 59. Rh7 Rb8 60. Ra7+
Kb5 61. Kb2 Re8 62. Rb7+ Ka6 63. Rd7 Re3 64. Rxd5 {Black resigns} 1-0

[Event "Team 45 45 League T70"]
[Site "Internet Chess Club"]
[Date "2016.10.10"]
[Round "5"]
[White "drsigmund1"]
[Black "Gojira"]
[Result "0-1"]
[WhiteElo "1476"]
[BlackElo "1669"]
[Opening "Queen's pawn, Mason variation"]
[ECO "D00"]
[Time "20:03:51"]
[TimeControl "2700+45"]

1. d4 d5 2. Bf4 Bf5 3. e3 Nf6 4. Nf3 e6 5. Nbd2 c6 6. Nh4 Bg4 7. Be2 Bxe2 8.
Qxe2 Qb6 9. b3 Bb4 10. O-O Nbd7 11. Nhf3 h6 12. c4 Nh5 13. c5 Nxf4 14. exf4 Qc7
15. f5 e5 16. a3 Bxd2 17. Qxd2 O-O 18. Nxe5 Nxc5 19. dxc5 Qxe5 20. Rfe1 Qxf5 21.
Re7 Rfe8 22. Rxb7 Qc8 23. Rb4 Rb8 24. Kf1 Qa6+ 25. Kg1 Rxb4 26. Qxb4 Qe2 27. Rf1
Qc2 28. h3 Kh7 29. a4 Re4 30. a5 Rxb4 {White resigns} 0-1

[Event "Team 45 45 League T70"]
[Site "Internet Chess Club"]
[Date "2016.10.08"]
[Round "5"]
[White "nidusin2"]
[Black "Tjet"]
[Result "1/2-1/2"]
[WhiteElo "1566"]
[BlackElo "1467"]
[Opening "King's Indian: fianchetto variation"]
[ECO "E62"]
[Time "10:32:35"]
[TimeControl "2700+45"]

1. d4 d6 2. Nf3 Nf6 3. c4 g6 4. Nc3 Bg7 5. g3 O-O 6. Bg2 c6 7. e4 Nbd7 8. O-O c5
9. h3 cxd4 10. Nxd4 Ne5 11. b3 a6 12. Be3 Nfd7 13. Qc2 Nc6 14. Rfd1 Nxd4 15.
Bxd4 Bxd4 16. Rxd4 Ne5 17. Nd5 Bxh3 18. Qc3 Bxg2 19. Kxg2 f5 20. f4 Nc6 21. Rd2
e6 22. Ne3 fxe4 23. Ng4 h5 {Game drawn by mutual agreement} 1/2-1/2

[Event "Team 45 45 League T70"]
[Site "Internet Chess Club"]
[Date "2016.10.08"]
[Round "5"]
[White "KBuccleuch"]
[Black "Percival"]
[Result "1-0"]
[WhiteElo "2143"]
[BlackElo "2079"]
[Opening "Bird's opening"]
[ECO "A03"]
[Time "07:00:41"]
[TimeControl "2700+45"]

1. f4 d5 2. Nf3 Nf6 3. e3 Bg4 4. b3 e6 5. Bb2 Be7 6. h3 Bxf3 7. Qxf3 Ne4 8. Rg1
Bh4+ 9. g3 Bxg3+ 10. Kd1 Bh4 11. Bxg7 Rg8 12. Qh5 Bf6 13. Qxh7 Rxg7 14. Rxg7
Bxg7 15. Qxg7 Qh4 16. Qg8+ Ke7 17. c3 Qf2 18. Bd3 Qf3+ 19. Kc1 Qh1+ 20. Kb2 Nf2
21. Bc2 Nd1+ 22. Bxd1 Qxd1 23. a4 Kd6 24. Na3 Qxd2+ 25. Nc2 Kc6 26. Qxf7 b6 27.
a5 Na6 28. b4 Kb7 29. f5 Rh8 30. fxe6 Rxh3 31. b5 Rxe3 32. bxa6+ Kxa6 33. Qxc7
Rxe6 34. axb6+ Kb5 35. b7 {Black resigns} 1-0

[Event "Team 45 45 League T70"]
[Site "Internet Chess Club"]
[Date "2016.10.08"]
[Round "5"]
[White "jorobo"]
[Black "fledermaus"]
[Result "1/2-1/2"]
[WhiteElo "1978"]
[BlackElo "1859"]
[Opening "QGD: Orthodox defense, Bd3 line"]
[ECO "D67"]
[Time "16:30:57"]
[TimeControl "2700+45"]

1. c4 e6 2. Nc3 d5 3. d4 Nf6 4. Bg5 Be7 5. e3 Nbd7 6. Nf3 O-O 7. Rc1 c6 8. Bd3
dxc4 9. Bxc4 Nd5 10. Bxe7 Qxe7 11. Bb3 Nxc3 12. Rxc3 e5 13. O-O exd4 14. exd4
Nb6 15. Re1 Qf6 16. Ne5 Be6 17. Rf3 Bxb3 18. Qxb3 Qe7 19. Ree3 Qc7 20. Re4 Nd5
21. Rg4 f6 22. Nd3 Rae8 23. Rfg3 Rf7 24. h4 Kh8 25. h5 h6 26. Rg6 Rfe7 27. Qc2
Nf4 28. Nxf4 Qxf4 29. R6g4 Qd6 30. Qf5 Re1+ 31. Kh2 R8e7 32. Qc8+ Kh7 33. Qf5+
Kh8 34. Qc8+ Kh7 35. Qf5+ Kh8 {Game drawn by repetition} 1/2-1/2

[Event "Team 45 45 League T70"]
[Site "Internet Chess Club"]
[Date "2016.10.08"]
[Round "5"]
[White "PolishRyszard"]
[Black "searchforbobby1"]
[Result "0-1"]
[WhiteElo "1786"]
[BlackElo "1979"]
[Opening "Richter-Veresov attack"]
[ECO "D01"]
[Time "16:11:53"]
[TimeControl "2700+45"]

1. d4 d5 2. Nc3 Nf6 3. Bg5 Nbd7 4. Qd2 c6 5. f3 h6 6. Bh4 b5 7. O-O-O Qa5 8. Qe1
b4 9. Nb1 Qxa2 10. Qxb4 e5 11. Qc3 exd4 12. Rxd4 Bc5 13. Rd3 Ba6 14. Bxf6 gxf6
15. e4 Bxd3 16. Bxd3 Be3+ 17. Kd1 Qxb1+ 18. Ke2 Qc1 {White resigns} 0-1

[Event "Team 45 45 League T70"]
[Site "Internet Chess Club"]
[Date "2016.10.10"]
[Round "5"]
[White "LinceHispano44"]
[Black "timothysmall56"]
[Result "1-0"]
[WhiteElo "1689"]
[BlackElo "1712"]
[Opening "Grünfeld: Russian variation"]
[ECO "D97"]
[Time "14:28:24"]
[TimeControl "2700+45"]

1. Nf3 Nf6 2. c4 g6 3. d4 Bg7 4. Nc3 d5 5. Qb3 dxc4 6. Qxc4 O-O 7. Bg5 c6 8. e4
b5 9. Qb3 Be6 10. Qc2 Qa5 11. Bd3 b4 12. Qa4 Qb6 13. Ne2 Bg4 14. O-O Bxf3 15.
gxf3 e6 16. Rac1 Rc8 17. Rc2 Nfd7 18. Be3 Qb7 19. Rfc1 a5 20. Bb5 Nb6 21. Bxc6
Nxc6 22. Qb5 Na7 23. Qxa5 Rxc2 24. Rxc2 Rc8 25. Rxc8+ Naxc8 26. Qxb4 Bf8 27. Qb3
Qc7 28. Nc3 Qc4 29. Qxc4 Nxc4 30. Bc1 Bb4 31. Nb5 N8d6 32. Nxd6 Nxd6 33. Kf1 Nb5
34. Be3 f5 35. Ke2 Kf7 36. Kd3 fxe4+ 37. fxe4 Bd6 38. h3 Ke7 39. Kc4 Na7 40. d5
exd5+ 41. Kxd5 Nb5 42. a4 Nc7+ 43. Kc6 Na6 44. f4 Nb4+ 45. Kb5 Nd3 46. e5 Nxb2
47. exd6+ Kxd6 48. a5 Kc7 49. a6 Nd1 50. Bd4 {Black resigns} 1-0

[Event "Team 45 45 League T70"]
[Site "Internet Chess Club"]
[Date "2016.10.10"]
[Round "5"]
[White "TheRailgun"]
[Black "bss2005"]
[Result "0-1"]
[WhiteElo "1804"]
[BlackElo "1906"]
[Opening "Sicilian: Nimzovich-Rossolimo attack (with ...g6, without ...d6)"]
[ECO "B31"]
[Time "19:08:18"]
[TimeControl "2700+45"]

1. e4 c5 2. Nf3 Nc6 3. Bb5 g6 4. d4 cxd4 5. Nxd4 Bg7 6. Be3 Nf6 7. Nc3 Qa5 8.
Nb3 Qc7 9. O-O a6 10. Be2 d6 11. h3 O-O 12. Nd5 Nxd5 13. exd5 Na5 14. Nxa5 Qxa5
15. c3 Bd7 16. Qb3 b5 17. Rac1 Rab8 18. a3 Bf5 19. Rfd1 Rfc8 20. Qb4 Qc7 21. Rd2
a5 22. Qf4 b4 23. Bd4 bxa3 24. bxa3 Rb3 25. Bxg7 Kxg7 26. g4 Bd7 27. Qd4+ Kg8
28. Ba6 Rxc3 29. Rxc3 Qxc3 30. Bxc8 Qxc8 31. Qb2 Qc5 32. Kg2 Bb5 33. Qb3 Bc4 34.
Qb8+ Kg7 35. Qb2+ Kg8 36. Qd4 Qb5 37. Kh2 Bb3 38. Rb2 a4 39. Rd2 Qb7 40. Rd3 Qa8
41. f4 Qc8 42. Kg3 Qc1 43. Kh4 h6 44. Qe3 Qf1 45. Rc3 Bxd5 46. Rc8+ Kh7 47. Rc1
g5+ 48. fxg5 hxg5+ 49. Kh5 Qg2 50. Kxg5 f6+ 51. Kh4 Kg6 52. Rg1 Qc2 53. Rf1 e5
54. Rf2 Qb3 55. Qxb3 Bxb3 56. Kg3 d5 57. Kf3 f5 58. gxf5+ Kxf5 59. Rg2 d4 60. h4
Bd5+ {White resigns} 0-1

[Event "Team 45 45 League T70"]
[Site "Internet Chess Club"]
[Date "2016.10.07"]
[Round "5"]
[White "nurmi"]
[Black "charles-allen"]
[Result "1-0"]
[WhiteElo "2063"]
[BlackElo "1863"]
[Opening "English opening"]
[ECO "A13"]
[Time "22:00:47"]
[TimeControl "2700+45"]

1. c4 e6 2. g3 d5 3. Bg2 Nf6 4. Nf3 c5 5. O-O Nc6 6. cxd5 exd5 7. d4 c4 8. b3
Be6 9. Ng5 Bf5 10. bxc4 dxc4 11. d5 Nb4 12. Nc3 Be7 13. a3 Nbxd5 14. Nxd5 Nxd5
15. Nxf7 Nc3 16. Nxd8 Nxd1 17. Nxb7 Nc3 18. Nd6+ Bxd6 19. Bxa8 Nxe2+ 20. Kg2 O-O
21. Bd5+ Kh8 22. Bxc4 Nd4 23. Bd5 Bc5 24. Bf4 Ne6 25. Be3 Bb6 26. a4 Nc7 27. Bc6
Rf6 28. Bb7 h6 29. a5 Bxe3 30. fxe3 Nb5 31. e4 Nd6 32. e5 Be4+ 33. Bxe4 Rxf1 34.
Rxf1 Nxe4 35. Rf8+ Kh7 36. e6 {Black resigns} 1-0

[Event "Team 45 45 League T70"]
[Site "Internet Chess Club"]
[Date "2016.10.10"]
[Round "5"]
[White "Harmonicus"]
[Black "Knight8700"]
[Result "1/2-1/2"]
[WhiteElo "1931"]
[BlackElo "1958"]
[Opening "Bishop's opening: Classical variation"]
[ECO "C23"]
[Time "19:02:40"]
[TimeControl "2700+45"]

1. e4 e5 2. Bc4 Bc5 3. Nc3 Nc6 4. Qg4 Qf6 5. Nd5 Qxf2+ 6. Kd1 Kf8 7. Nh3 Qd4 8.
d3 Nf6 9. Nxf6 gxf6 10. Bh6+ Ke8 11. Qg7 Rf8 12. c3 Qd6 13. Qxh7 Na5 14. Bxf8
Qxf8 15. Qxf7+ Qxf7 16. Bxf7+ Kxf7 17. b4 Bb6 18. bxa5 Bxa5 19. Kc2 d6 20. Nf2
Bb6 21. Nd1 Bd7 22. Kd2 Rg8 23. g3 Bh3 24. Ne3 c6 25. Rab1 Rb8 26. Rhg1 Be6 27.
a4 Bc7 28. g4 b6 29. h4 Rh8 30. h5 d5 31. exd5 cxd5 32. c4 dxc4 33. Nxc4 Rd8 34.
Kc3 Rg8 35. Ne3 Bd6 36. Nf5 Rc8+ 37. Kd2 Bc5 38. Ne3 Rd8 39. Rg3 Rd4 40. a5 Bb4+
41. Ke2 Bxa5 42. Rc1 b5 43. Rc5 Bb6 44. Rxb5 e4 45. Nf5 Ra4 46. Nd6+ Kg7 47.
dxe4 Rd4 48. Rxb6 axb6 49. Nf5+ Bxf5 50. gxf5+ Kf7 51. Ke3 Rd1 52. Rh3 Ra1 53.
Kd4 Ra4+ 54. Kd5 Ra5+ 55. Kc6 Re5 56. h6 Kg8 57. Kxb6 Rxe4 58. h7+ Kh8 59. Kc6
Re5 60. Rh5 Re7 61. Kd6 Re5 62. Kd7 Re4 63. Rh6 Re5 64. Rxf6 Kxh7 65. Kd6 Ra5
66. Rf7+ Kg8 67. Rf6 Kg7 68. Rg6+ Kf7 69. Rg1 Rxf5 {Game drawn by mutual
agreement} 1/2-1/2

[Event "Team 45 45 League T70"]
[Site "Internet Chess Club"]
[Date "2016.10.05"]
[Round "5"]
[White "Vinesh1234"]
[Black "tightfist"]
[Result "0-1"]
[WhiteElo "1730"]
[BlackElo "1471"]
[Opening "Queen's pawn game"]
[ECO "D05"]
[Time "21:30:43"]
[TimeControl "2700+45"]

1. d4 Nf6 2. Nf3 e6 3. e3 d5 4. Bd3 Bd6 5. O-O O-O 6. b3 c5 7. Bb2 Nc6 8. e4
dxe4 9. Bxe4 Nxe4 10. Qe2 Nf6 11. dxc5 Bxc5 12. Nbd2 Nd4 13. Bxd4 Bxd4 14. Rad1
Bc5 15. Ne4 Qe7 16. Nxc5 Qxc5 17. c4 b6 18. Qe5 Qxe5 19. Nxe5 Bb7 20. Rfe1 Rad8
21. f3 Rfe8 22. Kf2 Kf8 23. a4 Ke7 24. a5 Nd7 25. Nxd7 Rxd7 26. Rxd7+ Kxd7 27.
Ke2 e5 28. Rd1+ Ke7 29. Ra1 f6 30. axb6 axb6 31. Ra7 Rb8 32. Kd3 f5 33. b4 Kd6
34. h4 Kc7 35. Ra2 Ra8 {White resigns} 0-1

[Event "Team 45 45 League T70"]
[Site "Internet Chess Club"]
[Date "2016.10.10"]
[Round "5"]
[White "yyoo"]
[Black "cool64chess"]
[Result "0-1"]
[WhiteElo "1813"]
[BlackElo "1941"]
[Opening "French: Winawer, advance, poisoned pawn, Konstantinopolsky variation"]
[ECO "C18"]
[Time "16:02:40"]
[TimeControl "2700+45"]

1. e4 e6 2. d4 d5 3. Nc3 Bb4 4. e5 c5 5. a3 Bxc3+ 6. bxc3 Qc7 7. Qg4 Ne7 8. Qxg7
Rg8 9. Qxh7 cxd4 10. Ne2 dxc3 11. f4 Nbc6 12. Qd3 d4 13. Nxd4 Nxd4 14. Qxd4 Bd7
15. Rg1 Nf5 16. Qf2 Rh8 17. g4 Nh4 18. Rg3 Rd8 19. Qe3 Bc6 20. Qxc3 Qd7 21. Rd3
Nf3+ 22. Kd1 Qe7 23. h3 Bb5 24. Rxd8+ Qxd8+ 25. Bd2 Bxf1 26. Qxf3 Bxh3 27. Kc1
Bxg4 28. Qxb7 Rh2 29. Qb5+ Kf8 30. Bb4+ Kg7 31. Bd6 Bf5 32. Ra2 Qh4 33. Qb4 Qf2
34. Qc3 Qxf4+ 35. Kb2 Bxc2 36. Qxc2 Rxc2+ 37. Kxc2 Qc4+ 38. Kb1 Qf1+ 39. Kb2 Kg6
40. Ra1 Qf2+ 41. Kb3 f5 42. Rc1 Qe3+ 43. Rc3 Qe1 44. Rc8 f4 45. Rf8 f3 46. Rf6+
Kg5 47. Be7 Kg4 48. Rxe6 f2 49. Rf6 Qxe5 50. Rg6+ Kf5 51. Rg5+ Kf4 52. Rxe5 Kxe5
53. Bc5 f1=Q 54. Bxa7 Qb5+ 55. Ka2 Ke4 56. Bg1 Kd3 57. a4 Qxa4+ 58. Kb2 Qb4+ 59.
Ka2 Kc2 60. Bd4 Qa4# {White checkmated} 0-1

[Event "Team 45 45 League T70"]
[Site "Internet Chess Club"]
[Date "2016.10.07"]
[Round "5"]
[White "laurenpar"]
[Black "zydus"]
[Result "1-0"]
[WhiteElo "1862"]
[BlackElo "1736"]
[Opening "English: Bradley Beach variation"]
[ECO "A28"]
[Time "22:31:20"]
[TimeControl "2700+45"]

1. c4 e5 2. Nc3 Nf6 3. Nf3 Nc6 4. d4 e4 5. Nd2 e3 6. fxe3 Ng4 7. Nf3 g6 8. e4
Bg7 9. Bg5 f6 10. Bf4 g5 11. Bd2 O-O 12. h3 Nh6 13. Qc2 d6 14. O-O-O Nf7 15. g4
Nb4 16. Qb3 a5 17. a3 Na6 18. e3 Qe7 19. Bd3 Be6 20. Qc2 c6 21. Kb1 Nc7 22. e5
h6 23. d5 cxd5 24. cxd5 Nxd5 25. Nxd5 Bxd5 26. e4 Be6 27. exd6 Qxd6 28. Bc3 Qc6
29. Nd4 Qc8 30. Nf5 Bxf5 31. exf5 Ne5 32. Be4 Kh8 33. Qb3 Rb8 34. Bxa5 Nc4 35.
Bb4 Re8 36. Bd5 Ne3 37. Be6 Rxe6 38. fxe6 Nxd1 39. Rxd1 Qc7 {Black resigns} 1-0

[Event "Team 45 45 League T70"]
[Site "Internet Chess Club"]
[Date "2016.10.08"]
[Round "5"]
[White "PolishRyszard"]
[Black "raiserplay27"]
[Result "1/2-1/2"]
[WhiteElo "1794"]
[BlackElo "1583"]
[Opening "Trompowsky attack (Ruth, Opocenský opening)"]
[ECO "A45"]
[Time "07:02:49"]
[TimeControl "2700+45"]

1. d4 Nf6 2. Bg5 e6 3. Nd2 d5 4. e3 Be7 5. Bd3 h6 6. Bh4 b6 7. Ngf3 Ba6 8. Bxa6
Nxa6 9. c3 Nb8 10. Qe2 Nbd7 11. e4 Nxe4 12. Bxe7 Qxe7 13. Nxe4 dxe4 14. Qxe4 O-O
15. O-O Nf6 16. Qc6 Qd6 17. Ne5 Rfd8 18. b4 Nd5 19. b5 f6 20. Qxd6 Rxd6 21. Nc4
Rd7 22. Rac1 a6 23. a4 axb5 24. axb5 Ra4 25. Ne3 Nxe3 26. fxe3 Rc4 27. Rf2 Rd5
28. Rb2 f5 29. Rb4 Rxb4 30. cxb4 Rxb5 31. Rxc7 Rxb4 32. Re7 Rb2 33. Rxe6 Kf7 34.
Re5 g6 35. h4 h5 36. Kh2 b5 37. Kg3 b4 38. Rb5 b3 39. Kf3 Kf6 40. Rb6+ Kf7 41.
Rb7+ {Game drawn by mutual agreement} 1/2-1/2

[Event "Team 45 45 League T70"]
[Site "Internet Chess Club"]
[Date "2016.10.07"]
[Round "5"]
[White "volodia80"]
[Black "Rekakoma"]
[Result "1-0"]
[WhiteElo "1695"]
[BlackElo "1494"]
[Opening "French: advance, Paulsen attack"]
[ECO "C02"]
[Time "16:05:15"]
[TimeControl "2700+45"]

1. e4 e6 2. d4 d5 3. e5 c5 4. c3 Nc6 5. Nf3 h6 6. a3 a6 7. b4 c4 8. Be2 Nge7 9.
O-O Nf5 10. Be3 a5 11. Nbd2 axb4 12. axb4 Rxa1 13. Qxa1 b5 14. Qa8 Qc7 15. Ra1
g6 16. Qa3 Bg7 17. Qc1 O-O 18. Nf1 Nxe3 19. Nxe3 h5 20. Bd1 Qe7 21. Bc2 Bh6 22.
Qb1 Kg7 23. Ra8 Bb7 24. Rxf8 Qxf8 25. Qa1 Ne7 26. Qa7 Bc6 27. Qa6 Qa8 28. Qxa8
Bxa8 29. Nd2 Nf5 30. Nxf5+ gxf5 31. Nb1 Kg6 32. h4 f6 33. exf6 Kxf6 34. Bd1 Kg6
35. g3 Bg7 36. f4 Kh6 37. Kf2 Bc6 38. Ke3 Kg6 39. Nd2 Be8 40. Nf3 Bf6 41. Be2
Kh6 42. Ne5 Bxe5 43. dxe5 Kg6 44. Kd4 Kg7 45. Kc5 Kf8 46. Kd6 Bf7 47. Kd7 Kg7
48. Ke7 Kg8 49. Kf6 Be8 50. Kxe6 Kg7 51. Kxd5 Kf8 52. Kd6 Bg6 53. Bf3 Be8 54.
Bc6 Bxc6 55. Kxc6 Ke7 56. Kxb5 Kd7 57. Kxc4 Kc6 58. b5+ Kb6 59. Kd5 Kxb5 60. e6
Kb6 61. e7 Kc7 62. e8=Q Kb7 63. Qc6+ Kb8 64. Qd7 Ka8 65. Kc6 Kb8 66. Qb7# {Black
checkmated} 1-0

[Event "Team 45 45 League T70"]
[Site "Internet Chess Club"]
[Date "2016.10.06"]
[Round "5"]
[White "NashGames"]
[Black "MikeTtheGuru"]
[Result "1-0"]
[WhiteElo "2153"]
[BlackElo "1986"]
[Opening "Caro-Kann: advance variation"]
[ECO "B12"]
[Time "21:01:19"]
[TimeControl "2700+45"]

1. e4 c6 2. d4 d5 3. e5 c5 4. dxc5 Nc6 5. Nf3 Bg4 6. h3 Bxf3 7. Qxf3 e6 8. Qa3
Nxe5 9. Bb5+ Nd7 10. O-O Nf6 11. Be3 Be7 12. c4 a6 13. Bxd7+ Qxd7 14. Rd1 Qc6
15. Nd2 O-O 16. b4 Rfd8 17. Qb2 Ne4 18. cxd5 exd5 19. Nf3 Bf6 20. Bd4 Bxd4 21.
Nxd4 Qf6 22. f3 Ng5 23. Qc2 Ne6 24. Qf5 Qh6 25. Qe5 Nxd4 26. Qxd4 Rd7 27. a3 Re8
28. Re1 Re6 29. Kf2 g6 30. Rad1 Qg7 31. Re3 Qxd4 32. Rxd4 Rxe3 33. Kxe3 Kg7 34.
Rd3 Kf6 35. Kd4 Kf5 36. g4+ Kf4 37. a4 {Black resigns} 1-0

[Event "Team 45 45 League T70"]
[Site "Internet Chess Club"]
[Date "2016.10.09"]
[Round "5"]
[White "jjimalo"]
[Black "LiangLiang"]
[Result "1-0"]
[WhiteElo "1828"]
[BlackElo "1952"]
[Opening "English opening"]
[ECO "A15"]
[Time "12:18:35"]
[TimeControl "2700+45"]

1. c4 Nf6 2. Nf3 e6 3. g3 c5 4. Bg2 Nc6 5. O-O d6 6. Nc3 Be7 7. d4 cxd4 8. Nxd4
Bd7 9. Ndb5 Qb8 10. Bf4 e5 11. Bg5 a6 12. Bxf6 gxf6 13. Na3 Be6 14. Nd5 Bxd5 15.
Qxd5 Qc7 16. Nc2 Qd7 17. b4 Qe6 18. b5 Qxd5 19. Bxd5 axb5 20. cxb5 Nd8 21. a4
Ra5 22. Ne3 Ra7 23. Rfc1 Ne6 24. b6 Ra6 25. a5 Nc5 26. Rxc5 dxc5 27. Bxb7 Rxb6
28. axb6 Kd7 29. Be4 Rb8 30. b7 Bd6 31. Ra8 {Black resigns} 1-0

[Event "Team 45 45 League T70"]
[Site "Internet Chess Club"]
[Date "2016.10.09"]
[Round "5"]
[White "platolag"]
[Black "pishd"]
[Result "0-1"]
[WhiteElo "1627"]
[BlackElo "1761"]
[Opening "QGD semi-Slav"]
[ECO "D43"]
[Time "07:20:37"]
[TimeControl "2700+45"]

1. d4 Nf6 2. c4 e6 3. Nc3 d5 4. Nf3 c6 5. Bg5 Be7 6. e3 Nbd7 7. a3 O-O 8. Bd3
dxc4 9. Bxc4 Nd5 10. Bxe7 Qxe7 11. e4 Nxc3 12. bxc3 e5 13. Nxe5 Nxe5 14. dxe5
Qxe5 15. Qd4 Qg5 16. O-O Bh3 17. g3 Bxf1 18. Bxf1 Rfd8 19. Qb4 b6 20. Qc4 c5 21.
a4 Rd2 22. a5 Qf6 23. f4 Qh6 24. Bg2 Rad8 25. h3 Qc6 26. axb6 axb6 27. Ra7 R8d7
28. Rxd7 Qxd7 29. e5 Qd3 30. Qa4 Qd8 31. c4 g6 32. Bd5 Rxd5 33. cxd5 Qxd5 34.
Qe8+ Kg7 35. Qe7 Qe6 36. Qd6 Qxd6 37. exd6 Kf8 {White resigns} 0-1

[Event "Team 45 45 League T70"]
[Site "Internet Chess Club"]
[Date "2016.10.10"]
[Round "5"]
[White "elmaestro"]
[Black "watkins"]
[Result "1-0"]
[WhiteElo "1748"]
[BlackElo "1592"]
[Opening "English opening"]
[ECO "A20"]
[Time "12:07:52"]
[TimeControl "2700+45"]

1. c4 e5 2. g3 Nc6 3. Bg2 Nge7 4. Nf3 d6 5. O-O g6 6. Nc3 Bg7 7. d3 O-O 8. Bg5
Bg4 9. h3 Bd7 10. Rb1 Qc8 11. Kh2 Re8 12. e4 Rb8 13. a3 a6 14. b4 b5 15. Nd5
Nxd5 16. cxd5 Nd4 17. Nxd4 exd4 18. Rc1 h6 19. Bf4 Be5 20. Bxe5 Rxe5 21. f4 Rh5
22. f5 Rb7 23. Bf3 Rxh3+ 24. Kxh3 h5 25. Kg2 Qd8 26. Bxh5 gxh5 27. Qxh5 Qf6 28.
Rh1 Kf8 29. g4 Qe5 30. Qg5 Rb8 31. Rxc7 Bxf5 32. Rh8+ Qxh8 33. Qe7+ Kg7 34.
Qxf7+ Kh6 35. Qh5# {Black checkmated} 1-0

[Event "Team 45 45 League T70"]
[Site "Internet Chess Club"]
[Date "2016.10.09"]
[Round "5"]
[White "RD1974"]
[Black "Mitochondria"]
[Result "0-1"]
[WhiteElo "1663"]
[BlackElo "1618"]
[Opening "Sicilian"]
[ECO "B50"]
[Time "19:01:06"]
[TimeControl "2700+45"]

1. e4 c5 2. Nf3 d6 3. d3 Nf6 4. h3 e6 5. Nbd2 Nc6 6. g3 Be7 7. Bg2 b5 8. O-O O-O
9. Nh4 Bb7 10. f4 Qb6 11. c3 e5 12. Nf5 c4+ 13. d4 Rfe8 14. fxe5 dxe5 15. Nxe7+
Rxe7 16. Rxf6 gxf6 17. Qg4+ Kh8 18. Qf5 Re6 19. Qh5 Rf8 20. Nf3 exd4 21. cxd4
Nxd4 22. Kh1 Bxe4 23. Bh6 Ne2 24. Kh2 Qd6 25. Bxf8 Qxf8 26. Re1 Bg6 27. Qh4 Qe7
28. Nd2 Qc7 29. Nf3 Qd6 30. Qh6 Nxg3 31. Kg1 Rxe1+ 32. Nxe1 Ne2+ 33. Kh1 Kg8 34.
Qe3 Qe6 35. Qf2 a5 36. Qf3 Nf4 37. Qxf4 Qxe1+ 38. Kh2 Qe5 39. Qxe5 fxe5 40. Bc6
b4 41. Bb5 c3 42. bxc3 bxc3 43. Ba4 c2 44. Bxc2 Bxc2 45. Kg3 f5 46. h4 f4+ 47.
Kf3 Kg7 48. a3 Kh6 49. Kg4 Bd1+ 50. Kh3 e4 51. Kg2 e3 52. Kf1 f3 53. Ke1 Ba4 54.
Kf1 Bb5+ 55. Ke1 f2+ {White resigns} 0-1

[Event "Team 45 45 League T70"]
[Site "Internet Chess Club"]
[Date "2016.10.10"]
[Round "5"]
[White "Zyme"]
[Black "chesskix"]
[Result "0-1"]
[WhiteElo "1393"]
[BlackElo "1530"]
[Opening "King's Indian: Four pawns attack, dynamic line"]
[ECO "E76"]
[Time "20:00:40"]
[TimeControl "2700+45"]

1. d4 Nf6 2. c4 g6 3. Nc3 Bg7 4. e4 d6 5. f4 O-O 6. Nf3 c5 7. d5 Nfd7 8. Be2 Nb6
9. O-O N8d7 10. Qc2 e5 11. Nb5 Nf6 12. Nxd6 Ng4 13. Nxc8 Nxc8 14. h3 Nh6 15.
fxe5 f5 16. exf6 Qxf6 17. e5 Qb6 18. Rb1 Nf5 19. b3 Nd4 20. Nxd4 cxd4 21. Bf4
d3+ 22. c5 dxc2 23. cxb6 cxb1=Q 24. Rxb1 Nxb6 25. Bh2 Rad8 26. d6 Rfe8 27. Bc4+
Nxc4 28. bxc4 Bxe5 29. Bxe5 Rxe5 30. Rxb7 Rxd6 31. Rxa7 Rd1+ 32. Kf2 Rd2+ 33.
Kf3 Ree2 34. Ra8+ Kg7 35. Ra7+ Kh6 36. g4 Rf2+ 37. Ke4 Rxa2 38. Rb7 Rh2 39. Rb3
Rac2 40. Kd5 Rc1 41. c5 Rhc2 42. Rb5 Rd1+ 43. Kc6 Rh2 44. Rb3 Rc2 45. Rb5 Rdc1
46. Kd6 Rc3 47. h4 Rc4 48. g5+ Kh5 49. Rb7 Kxh4 50. Rxh7+ Kxg5 51. Rc7 Kf6 52.
Kd5 g5 53. Rc6+ Kf5 54. Rc8 Kf4 55. c6 g4 56. Rf8+ Kg3 57. Rf6 Kg2 58. Rg6 g3
{White resigns} 0-1